 Dungeon Crawl Stone Soup version 0.27-a0-1065-ge809cff456 (webtiles) character file.

Game seed: 6473235787545851423

576 flotson the Covert (level 7, 0/60 HPs)
             Began as a Gnoll Delver on Apr 22, 2021.
             Slain by a sky beast (5 damage)
             ... on level 5 of the Dungeon on Apr 23, 2021.
             The game lasted 00:09:05 (4710 turns).

flotson the Covert (Gnoll Delver)                   Turns: 4710, Time: 00:09:06

Health: 0/60       AC:  6    Str: 13    XL:     7   Next: 35%
Magic:  10/10      EV: 16    Int: 10    God:
Gold:   174        SH:  0    Dex: 13    Spells: 10/10 levels left

rFire    . . .     SeeInvis .   a - +1 flail (protect)
rCold    . . .     Faith    .   (no shield)
rNeg     . . .     Spirit   .   r - +0 ring mail
rPois    .         Reflect  .   (no helmet)
rElec    .         Harm     .   (no cloak)
rCorr    .         Rampage  .   (no gloves)
Will     +....                  n - +0 pair of boots
Stlth    ++++......             (no amulet)
HPRegen  0.20/turn              i - +4 ring of evasion
MPRegen  0.12/turn              q - ring of willpower

@: no status effects
A: fangs 1, strong nose, distributed training
a: no special abilities


You were on level 5 of the Dungeon.
You visited 1 branch of the dungeon, and saw 5 of its levels.

You collected 174 gold pieces.

Inventory:

Hand Weapons
 a - a +1 flail of protection (weapon)
 b - a +0 shortbow
 B - a +0 hand axe
Missiles
 h - 55 arrows
 j - 12 poisoned darts
 v - 18 bolts
 y - 12 boomerangs (quivered)
Armour
 n - a +0 pair of boots (worn)
 r - a +0 ring mail (worn)
Magical Staves
 l - a staff of earth
 s - a staff of cold
Jewellery
 i - a +4 ring of evasion (left hand)
 q - a ring of willpower (right hand)
Wands
 g - a wand of digging (2)
Scrolls
 c - 3 scrolls of fog
 d - a scroll of amnesia {unknown}
 e - a scroll of fear
 k - 3 scrolls of identify {unknown}
 o - a scroll of noise {unknown}
 p - 2 scrolls of teleportation {unknown}
 w - 2 scrolls of immolation {unknown}
Potions
 f - a potion of haste
 m - a potion of flight {unknown}
 t - 3 potions of brilliance {unknown}
 u - a potion of lignification {unknown}
 x - 2 potions of degeneration {unknown}
 z - a potion of might {unknown}
 A - 2 potions of magic {unknown}


   Skills:
 + Level 7.0 Fighting
 + Level 2.4 Short Blades
 + Level 2.4 Long Blades
 + Level 5.2 Axes
 + Level 2.4 Maces & Flails
 + Level 2.4 Polearms
 + Level 2.4 Staves
 + Level 2.4 Slings
 + Level 2.4 Bows
 + Level 2.4 Crossbows
 + Level 2.4 Throwing
 + Level 2.4 Armour
 + Level 5.2 Dodging
 + Level 9.8 Stealth
 + Level 2.4 Shields
 + Level 2.4 Unarmed Combat
 + Level 2.4 Spellcasting
 + Level 2.0 Conjurations
 + Level 2.0 Hexes
 + Level 2.0 Summonings
 + Level 2.0 Necromancy
 + Level 2.0 Translocations
 + Level 2.0 Transmutations
 + Level 2.0 Fire Magic
 + Level 2.0 Ice Magic
 + Level 2.0 Air Magic
 + Level 2.0 Earth Magic
 + Level 2.0 Poison Magic
 + Level 2.7 Invocations
 + Level 2.4 Evocations


You had 10 spell levels left.
You didn't know any spells.
Your spell library contained the following spells:

 Spells                   Type           Power      Damage    Failure   Level
 Beastly Appendage        Tmut           10%        N/A       26%         1
 Corona                   Hex            5%         N/A       26%         1
 Ensorcelled Hibernation  Hex/Ice        10%        N/A       38%         2
 Wereblood                Tmut           5%         N/A       38%         2
 Confusing Touch          Hex            5%         N/A       63%         3
 Dazzling Flash           Conj/Hex       10%        N/A       63%         3
 Spider Form              Tmut/Pois      2%         N/A       63%         3
 Tukima's Dance           Hex            5%         N/A       63%         3
 Ice Form                 Ice/Tmut       5%         N/A       95%         4
 Hydra Form               Tmut           2%         N/A       100%        5


Dungeon Overview and Level Annotations

Branches:
Dungeon (5/15)
 Temple: D:4-7

Altars:
Elyvilon

Shops:
D:2 =   D:3 =

Annotations:
D:5 2 runed translucent doors, porpoise's ghost, novice DjVM


Innate Abilities, Weirdness & Mutations

You have very sharp teeth.
Your uncanny sense of smell can sniff out nearby items.
Your experience applies equally to all skills.


Message History

The sky beast flickers out of sight!
Deactivating autopickup; reactivate with Ctrl-A.
Something hits you. Something shocks you.
No target in view!
Your +1 flail of protection hums with potential!
a - a +1 flail of protection (weapon)
Something hits you but does no damage.
You miss something. Something barely misses you.
You closely miss something. Something hits you but does no damage.
You barely miss something. Something hits you. Something shocks you.
You miss something. Something hits you. Something shocks you.
Something completely misses you.
You miss something. Something hits you. Something shocks you.
You hit something but do no damage.
Your weapon exudes an aura of protection.
Something hits you. Something shocks you.
You miss something. Your bite misses something.
Something hits you but does no damage. x2
You miss something. Your bite misses something. Something hits you.
* * * LOW HITPOINT WARNING * * *
Something shocks you.
* * * LOW HITPOINT WARNING * * *
You hit something.
Your weapon exudes an aura of protection.
Something hits you but does no damage.
You miss something. Something hits you.
* * * LOW HITPOINT WARNING * * *
Something shocks you.
* * * LOW HITPOINT WARNING * * *
Something completely misses you.
Your ring mail prevents you from hitting something.
Your bite misses something. Something hits you but does no damage.
You closely miss something. Something hits you but does no damage.
You miss something. Something barely misses you.
You miss something. Your bite misses something.
Something hits you but does no damage. Something barely misses you.
You closely miss something. Something hits you.
* * * LOW HITPOINT WARNING * * *
Something shocks you.
You die...

#######.#>#..<# ****,,*
.........Y....####*******,,,*
######..###.F..((.,,,,,,,,*,*
###**#..# ######(#*******,,,*
...,,#..# #.# **,,*
#..#.#####* #.# *,,*
#...#*##≈≈#### #(# *******,,*
...## #!#.≈#.# #{# *,,,,,,,,*
....###≈≈⌠.#.###@# *,*****,**
...#.#.(≈..+..##.# *,* *,*
#....##..#.+.<...# *,* *,*
*,##.#.≈≈..#.##### *,* *,*
*,**,###...#.# *,* *,*
*,**,*#.##.#.# *∆* *,*
*,**,*#**###.# *,* *,*
,,,,,**,* #.#******,* *,*
*,*****,***#..,,,,,,,* *,*


There were no monsters in sight!

Vanquished Creatures
  An orc warrior (D:2)
  An ogre (D:4)
  A centaur (D:4)
  A scorpion (D:2)
  A centaur zombie (D:3)
  An orc priest (D:3)
  A jelly (D:4)
  An orc wizard (D:3)
  8 adders
  A dart slug (D:1)
  5 orcs
  3 ball pythons
  9 endoplasms
  2 giant cockroaches
  4 jackals
  7 quokkas
  2 bats (D:1)
  3 frilled lizards
  6 goblins
  11 kobolds
  9 rats
78 creatures vanquished.

Vanquished Creatures (others)
  9 toadstools (D:4)
9 creatures vanquished.

Grand Total: 87 creatures vanquished

Notes
Turn   | Place    | Note
-------+----------+-------------------------------------------
     0 | D:5      | Reached skill level 9 in Stealth
     0 | D:5      | flotson the Gnoll Delver began the quest for the Orb.
     0 | D:5      | Reached XP level 1. HP: 23/23 MP: 1/1
    23 | D:5      | Noticed a water moccasin zombie
    34 | D:5      | Noticed a sky beast
    57 | D:5      | Noticed a bullfrog
   406 | D:3      | Reached XP level 2. HP: 29/29 MP: 2/2
   469 | D:2      | Reached XP level 3. HP: 35/35 MP: 3/3
   678 | D:1      | Reached skill level 1 in Invocations
   885 | D:1      | Reached skill level 1 in Short Blades
   885 | D:1      | Reached skill level 1 in Long Blades
   885 | D:1      | Reached skill level 1 in Maces & Flails
   885 | D:1      | Reached skill level 1 in Polearms
   885 | D:1      | Reached skill level 1 in Staves
   885 | D:1      | Reached skill level 1 in Slings
   885 | D:1      | Reached skill level 1 in Bows
   885 | D:1      | Reached skill level 1 in Crossbows
   885 | D:1      | Reached skill level 1 in Throwing
   885 | D:1      | Reached skill level 1 in Armour
   885 | D:1      | Reached skill level 1 in Shields
   885 | D:1      | Reached skill level 1 in Unarmed Combat
   885 | D:1      | Reached skill level 1 in Spellcasting
   885 | D:1      | Reached skill level 1 in Evocations
  1182 | D:2      | Noticed a scorpion
  1213 | D:2      | Reached XP level 4. HP: 40/41 MP: 5/5
  1242 | D:2      | Found Dagath's Jewellery Emporium.
  1546 | D:2      | Killed a scorpion
  1547 | D:2      | Reached skill level 1 in Conjurations
  1547 | D:2      | Reached skill level 1 in Hexes
  1547 | D:2      | Reached skill level 1 in Summonings
  1547 | D:2      | Reached skill level 1 in Necromancy
  1547 | D:2      | Reached skill level 1 in Translocations
  1547 | D:2      | Reached skill level 1 in Transmutations
  1547 | D:2      | Reached skill level 1 in Fire Magic
  1547 | D:2      | Reached skill level 1 in Ice Magic
  1547 | D:2      | Reached skill level 1 in Air Magic
  1547 | D:2      | Reached skill level 1 in Earth Magic
  1547 | D:2      | Reached skill level 1 in Poison Magic
  1547 | D:2      | Reached XP level 5. HP: 36/47 MP: 5/7
  1885 | D:3      | Noticed an orc warrior
  2119 | D:2      | Killed an orc warrior
  2120 | D:2      | Reached XP level 6. HP: 23/53 MP: 8/8
  2575 | D:3      | Found Soegomyk's Jewellery Emporium.
  2806 | D:3      | Reached skill level 5 in Axes
  2806 | D:3      | Reached skill level 5 in Dodging
  3274 | D:4      | Noticed a troll
  3461 | D:4      | Reached XP level 7. HP: 33/59 MP: 10/10
  4678 | D:5      | Found a large runed translucent door.
  4678 | D:5      | Found a large runed translucent door.
  4678 | D:5      | Noticed porpoise's ghost (novice DjVM)
  4710 | D:5      | Slain by a sky beast

Illustrated notes

Levels and vault maps discovered:
D:1:      dpeg_arrival_ratfight, layout_rooms, supply_closet_lemuel
D:2:      layout_basic, serial_shops, shop, hangedman_decor_riveting,
          amcnicky_mini_pool_small
D:3:      layout_loops_corners, serial_shops, nicolae_shop_waterfront
D:4:      cheibrodos_fertilizer, layout_cave_pools, hex_tiny,
          lightli_corner_chamber
D:5:      layout_loops_ring, overflow_temple_1_default,
          ebering_ghost_disaster_area, uniq_pikel

Skill      XL: |  1  2  3  4  5  6  7 |
---------------+----------------------+-----
Stealth        | |  9.8
Invocations    | 1 2 |  2.7
Short Blades   | 1 2 |  2.4
Long Blades    | 1 2 |  2.4
Maces & Flails | 1 2 |  2.4
Polearms       | 1 2 |  2.4
Staves         | 1 2 |  2.4
Slings         | 1 2 |  2.4
Bows           | 1 2 |  2.4
Crossbows      | 1 2 |  2.4
Throwing       | 1 2 |  2.4
Armour         | 1 2 |  2.4
Shields        | 1 2 |  2.4
Unarmed Combat | 1 2 |  2.4
Spellcasting   | 1 2 |  2.4
Evocations     | 1 2 |  2.4
Conjurations   | 1 2 |  2.0
Hexes          | 1 2 |  2.0
Summonings     | 1 2 |  2.0
Necromancy     | 1 2 |  2.0
Translocations | 1 2 |  2.0
Transmutations | 1 2 |  2.0
Fire Magic     | 1 2 |  2.0
Ice Magic      | 1 2 |  2.0
Air Magic      | 1 2 |  2.0
Earth Magic    | 1 2 |  2.0
Poison Magic   | 1 2 |  2.0
Axes           | 5 |  5.2
Dodging        | 5 |  5.2
Fighting       | 7 |  7.0

Action                   |  1- 3 |  4- 6 |  7- 9 || total
-------------------------+-------+-------+-------++-------
Melee: Flail             |    86 |   107 |    71 ||   264
       Bite              |     9 |    13 |     7 ||    29
       Punch             |       |     1 |     1 ||     2
 Fire: Shortbow          |       |       |     8 ||     8
Throw: Dart              |       |     7 |     5 ||    12
       Boomerang         |       |       |     1 ||     1
Evoke: Wand              |       |       |     1 ||     1
  Use: Scroll            |     1 |       |       ||     1
 Stab: Sleeping          |    11 |    10 |     3 ||    24
Armor: Leather armour    |    11 |       |       ||    11
       Ring mail         |    10 |    30 |    40 ||    80
Dodge: Dodged            |    76 |   102 |   107 ||   285

Table legend: (Time is in decaauts)
 A = Elapsed time spent in this place.
 B = Non-inter-level travel time spent in this place.
 C = Inter-level travel time spent in this place.
 D = Time resting spent in this place.
 E = Time spent auto-exploring this place.
 F = Levels seen in this place.
 G = Mean time per level.
                   A        B        C        D        E       F      G
               +--------+--------+--------+--------+--------+-----+--------+
         Total |   4796 |   4508 |    288 |    292 |   2959 |   5 |  959.2 |
       Dungeon |   4796 |   4508 |    288 |    292 |   2959 |   5 |  959.2 |
               +--------+--------+--------+--------+--------+-----+--------+

Top non-repeatable levels by time:
     D:3: 1442 daAuts
     D:4: 1337 daAuts
     D:2: 1294 daAuts
     D:1: 617 daAuts
     D:5: 104 daAuts
